 Dungeon Crawl Stone Soup version 0.30-a0-918-g0ff054e9dc (webtiles) character file.

Game seed: 5978355954574830880

471 tilp the Slasher (level 7, -2/60 HPs)
             Began as a Meteoran Fighter on Mar 20, 2023.
             Slain by a boulder beetle (8 damage)
             ... on level 6 of the Dungeon.
             The game lasted 00:08:09 (1977 turns).

tilp the Slasher (Meteoran Fighter)                 Turns: 1977, Time: 00:08:09

Health: -2/60      AC: 10    Str: 17    XL:     7   Next: 57%
Magic:  9/9        EV:  7    Int: 10    God:
Gold:   158        SH:  5    Dex: 16    Spells: 6/6 levels left

rFire   . . .      SeeInvis .    a - +1 long sword
rCold   . . .      Faith    .    c - +0 buckler
rNeg    . . .      Spirit   .    i - +1 chain mail
rPois   .          Reflect  .    (no helmet)
rElec   .          Rampage  .    (no cloak)
rCorr   .                        (no gloves)
Will    +....                    (no boots) Stlth
                                 e - amulet of regeneration
HPRegen 1.10/turn                m - ring of willpower
MPRegen 0.11/turn                (no ring)

@: brilliant, attractive, flying, hasted, glowing, very quick
A: sense surroundings 1, otherworldly, glowing, explore regen
a: no special abilities


You were on level 6 of the Dungeon.
You visited 1 branch of the dungeon, and saw 6 of its levels.

You collected 158 gold pieces.

Inventory:

Hand Weapons
 a - a +1 long sword (weapon)
Missiles
 g - 28 stones (quivered)
Armour
 c - a +0 buckler (worn)
 i - a +1 chain mail (worn)
Jewellery
 e - an amulet of regeneration (around neck)
 m - a ring of willpower (left hand)
Scrolls
 l - a scroll of enchant weapon
Potions
 h - a potion of mutation
 n - a potion of attraction
 p - a potion of brilliance


   Skills:
 * Level 4.6 Fighting
 * Level 6.5 Long Blades
 + Level 1.5 Throwing
 - Level 4.0 Armour
 + Level 2.6 Dodging
 - Level 4.0 Shields
 + Level 1.5 Invocations
 + Level 1.4 Evocations


You had 6 spell levels left.
You didn't know any spells.
Your spell library was empty.

Dungeon Overview and Level Annotations

Branches:
Dungeon (6/15) Zot: 1572
 Temple: D:4-7

Altars:
Fedhas
Qazlal


Innate Abilities, Weirdness & Mutations

You passively map a small area around you.
You are easily found by Zot.
You glow in the dark.
You regain HP and MP as you explore.


Message History

It was a potion of curing.
You feel better.
The boulder beetle is attracted toward you.
You hit the boulder beetle.
The boulder beetle is severely wounded.
The boulder beetle closely misses you.
You barely miss the boulder beetle.
The boulder beetle is severely wounded.
The boulder beetle bites you!
* * * LOW HITPOINT WARNING * * *
You hit the boulder beetle but do no damage.
The boulder beetle is severely wounded.
The boulder beetle bites you but does no damage.
You hit the boulder beetle but do no damage.
The boulder beetle is severely wounded.
You hit the boulder beetle but do no damage.
The boulder beetle is severely wounded.
The boulder beetle bites you but does no damage.
You hit the boulder beetle but do no damage.
The boulder beetle is severely wounded.
You recover from your berserk rage.
You block the boulder beetle's attack.
Okay, then.
Unknown command.
You hit the boulder beetle.
The boulder beetle is severely wounded.
The boulder beetle bites you.
* * * LOW HITPOINT WARNING * * *
You hit the boulder beetle but do no damage.
The boulder beetle is severely wounded.
You barely miss the boulder beetle.
The boulder beetle is severely wounded.
The boulder beetle bites you!
* * * LOW HITPOINT WARNING * * *
You hit the boulder beetle but do no damage.
The boulder beetle is severely wounded.
The boulder beetle bites you but does no damage.
You hit the boulder beetle but do no damage.
The boulder beetle is severely wounded.
The boulder beetle bites you!
You die...

#.###....# , ##....##.#
, , . ## ##..####..#, ,
.. #.###...####.# ...
##.#..##..##..# , * ....
#...#####....#
######..... ###.#
#....####...<...... #.#
#.B.....#.......#.# ###*
#.@............## # *
##........#.#....# *
##.*##...........##....#
#...#........#..##
...... #........###.#
....## ###.....##
#.#**...## ##....# ,
#...## , , ##....,


You could see a boulder beetle.

Vanquished Creatures
  An ogre (D:5)
  A phantom (D:5)
  A centaur (D:5)
  Blork the orc (D:5)
  2 sleepcaps (D:5)
  Ijyb (D:5)
  An iguana (D:4)
  An adder (D:5)
  An ufetubus (D:5)
  A worm (D:3)
  3 dart slugs
  2 orcs
  5 ball pythons
  A bat (D:2)
  3 endoplasms
  A giant cockroach (D:3)
  4 goblins
  3 hobgoblins
  4 jackals (D:3)
  A quokka (D:3)
  A frilled lizard (D:3)
  3 kobolds
42 creatures vanquished.

Vanquished Creatures (others)
  2 plants (D:3)
2 creatures vanquished.

Grand Total: 44 creatures vanquished

Notes
Turn   | Place    | Note
-------+----------+-------------------------------------------
     0 | D:1      | tilp the Meteoran Fighter began the quest for the Orb.
     0 | D:1      | Reached XP level 1. HP: 19/19 MP: 2/2
   110 | D:2      | Reached XP level 2. HP: 26/26 MP: 3/3
   123 | D:3      | Found a blossoming altar of Fedhas.
   157 | D:3      | Reached skill level 3 in Long Blades
   174 | D:3      | Reached skill level 1 in Dodging
   199 | D:3      | Reached XP level 3. HP: 31/31 MP: 4/4
   316 | D:3      | Found a stormy altar of Qazlal.
   587 | D:4      | Reached skill level 4 in Long Blades
   587 | D:4      | Reached XP level 4. HP: 13/40 MP: 5/5
   644 | D:5      | Entered Level 5 of the Dungeon
   711 | D:5      | Reached XP level 5. HP: 36/46 MP: 6/6
  1095 | D:5      | Noticed a centaur
  1112 | D:5      | Killed a centaur
  1113 | D:5      | Reached skill level 5 in Long Blades
  1113 | D:5      | Reached XP level 6. HP: 29/52 MP: 7/7
  1246 | D:5      | Noticed Ijyb
  1257 | D:5      | Killed Ijyb
  1258 | D:5      | Reached skill level 6 in Long Blades
  1392 | D:5      | Reached skill level 1 in Throwing
  1416 | D:5      | Noticed an ogre
  1424 | D:5      | Killed an ogre
  1425 | D:5      | Reached skill level 1 in Invocations
  1425 | D:5      | Reached skill level 1 in Evocations
  1425 | D:5      | Reached XP level 7. HP: 16/60 MP: 8/8
  1435 | D:5      | Identified the +0 leather armour of a ziggurat {rElec Will+
                  | Regen+ Slay-3}
  1475 | D:5      | Noticed Blork the orc
  1484 | D:5      | Killed Blork the orc
  1917 | D:6      | Noticed a boulder beetle
  1977 | D:6      | Slain by a boulder beetle

Illustrated notes

Levels and vault maps discovered:
D:1:      dpeg_arrival_boxes_within_box, layout_basic
D:2:      layout_loops_ring, serial_undead, serial_undead_d, serial_undead_d,
          serial_undead_c, serial_undead_b, serial_undead_a
D:3:      layout_rooms, fedhas_ov_isle_minmay, nicolae_qazlal_eye_of_the_storm
D:4:      layout_basic
D:5:      layout_layer_cave, uniq_blork_the_orc, uniq_ijyb
D:6:      layout_layer_cave, nicolae_overflow_hidden_temple,
          mainiacjoe_overflow_paths, minmay_temple_entry_gardened_gates,
          gammafunk_ghost_smash, minmay_misc_feat_secret_circle,
          minmay_three_doors, uniq_maggie, uniq_duvessa

Skill      XL: |  1  2  3  4  5  6  7 |
---------------+----------------------+-----
Long Blades    | 3 4 5 6 |  6.5
Dodging        | 1 2 |  2.6
Fighting       | 4 |  4.6
Throwing       | 1 |  1.5
Invocations    | 1 |  1.5
Evocations     | 1 |  1.4
Armour         | 4 |  4.0
Shields        | 4 |  4.0

Action                     |  1- 3 |  4- 6 |  7- 9 || total
---------------------------+-------+-------+-------++-------
  Melee: Long sword        |    92 |    66 |    48 ||   206
  Evoke: Wand              |       |       |     3 ||     3
    Use: Scroll            |     3 |     1 |     1 ||     5
         Potion            |       |       |     8 ||     8
   Stab: Paralysed         |       |       |     5 ||     5
 Armour: Scale mail        |    47 |     6 |       ||    53
         Chain mail        |       |    42 |     8 ||    50
  Dodge: Dodged            |    37 |    21 |    11 ||    69
  Block: Buckler           |    18 |    24 |     6 ||    48

Table legend: (Time is in decaauts)
 A = Elapsed time spent in this place.
 B = Non-inter-level travel time spent in this place.
 C = Inter-level travel time spent in this place.
 D = Time resting spent in this place.
 E = Time spent auto-exploring this place.
 F = Levels seen in this place.
 G = Mean time per level.
                   A        B        C        D        E       F      G
               +--------+--------+--------+--------+--------+-----+--------+
         Total |   2026 |   1571 |    455 |      0 |      0 |   6 |  337.7 |
       Dungeon |   2026 |   1571 |    455 |      0 |      0 |   6 |  337.7 |
               +--------+--------+--------+--------+--------+-----+--------+

Top non-repeatable levels by time:
     D:5: 753 daAuts
     D:4: 563 daAuts
     D:3: 409 daAuts
     D:6: 168 daAuts
     D:1: 77 daAuts
     D:2: 54 daAuts
